 Dungeon Crawl Stone Soup version 0.27.1-16-g815e20cd7a (webtiles) character file.

Game seed: 8105631363707738601

35 zeram the Sneak (level 3, 0/24 HPs)
             Began as an Octopode Brigand on Nov 22, 2021.
             Slain by a gnoll (7 damage)
             ... on level 1 of the Dungeon.
             The game lasted 00:01:18 (876 turns).

zeram the Sneak (Octopode Brigand)                   Turns: 876, Time: 00:01:19

Health: 0/24       AC:  1    Str: 10    XL:     3   Next: 35%
Magic:  3/3        EV: 13    Int: 14    God:
Gold:   6          SH:  0    Dex: 13    Spells: 2/2 levels left

rFire    . . .     SeeInvis .   a - +2 dagger
rCold    . . .     Faith    .   (no shield)
rNeg     + . .     Spirit   .   (helmet restricted)
rPois    .         Reflect  .   (no amulet)
rElec    .         Harm     .   f - ring of positive energy
rCorr    .         Rampage  .   (no ring)
Will     .....                  (no ring)
Stlth    ++++......             (no ring)
HPRegen  0.08/turn              (no ring)
MPRegen  0.08/turn              (no ring)
                                (no ring)
                                (no ring)

@: no status effects
A: almost no armour, amphibious, 8 rings, camouflage 1, gelatinous body 1,
(nimble swimmer 1), tentacles
a: no special abilities


You were on level 1 of the Dungeon.
You visited 1 branch of the dungeon, and saw 2 of its levels.

You collected 6 gold pieces.

Inventory:

Hand Weapons
 a - a +2 dagger (weapon)
Missiles
 b - 8 poisoned darts (quivered)
 c - 2 curare-tipped darts
 g - 8 atropa-tipped darts
Jewellery
 f - a ring of positive energy (left tentacle)
Potions
 d - 2 potions of degeneration {unknown}
 e - a potion of heal wounds {unknown}


   Skills:
 + Level 2.0 Fighting
 + Level 2.3 Short Blades
 + Level 2.0 Throwing
 + Level 1.2 Dodging
 + Level 6.5 Stealth


You had 2 spell levels left.
You didn't know any spells.
Your spell library was empty.

Dungeon Overview and Level Annotations

Branches:
Dungeon (2/15)

Altars:


Innate Abilities, Weirdness & Mutations

You cannot wear most types of armour.
You are amphibious.
You can wear up to eight rings at the same time.
Your skin changes colour to match your surroundings (Stealth+).
Your rubbery body absorbs attacks. (AC +1, EV +1)
((You are camouflaged near water. (Stealth+)))
You have tentacles for arms and can constrict up to eight enemies at once.


Message History

Done exploring.
Done exploring.
Done exploring.
Done exploring.
No target in view!
(D) Dungeon
Where to? (? - help)
There is a stone staircase leading down here.
You climb downwards.
Found a scroll labelled ARA ODIUDGHIMM.
Found a stone staircase leading down.
There is a stone staircase leading up here.
There are monsters nearby!
There are monsters nearby!
There are monsters nearby!
Found a stone staircase leading up.
An adder and a gnoll come into view.
A gnoll comes into view. It is wielding a +0 whip.
The gnoll shouts! x2
A gnoll comes into view. It is wielding a +0 club.
The gnoll hits you with a +0 club! The gnoll completely misses you.
The gnoll shouts!
You see here a scroll labelled ARA ODIUDGHIMM.
The adder bites you. The adder misses you. The gnoll misses you.
There is a stone staircase leading up here.
The adder misses you. The adder bites you.
You are poisoned.
The adder poisons you! The gnoll closely misses you.
You climb upwards.
You feel sick.
There is a stone staircase leading down here.
You hit the adder. You grab the adder. Your squeeze misses the adder.
The adder is heavily wounded.
You constrict the adder, but do no damage.
You feel sick. The adder barely misses you.
You hit the adder. You squeeze the adder.
You kill the adder!
You feel sick.
You are no longer poisoned.
The gnoll hits you with a +0 club!
You die...

.###...♣......................#
......P................÷.....##
###.#########............)...#
#.# ##..............### # #.#
##.....#...).....### ###.#####
###..##...####..... .##.....##
##.....## #..... .###..#..###
####..###.# #.....
..###.##...###..@†.###.#####.....
...##.####......g................
......# ##......#####...####.....
#.###.###.......# ##.....#.....
#.###|.#..####### ##....#.....
#..##....## ###..######
##...#.#.# ##### ##)..# ###.....#
#...# #.#.# ###...######...#
#...# ##


You could see a gnoll.

Vanquished Creatures
  An adder (D:1)
  A dart slug (D:1)
  4 endoplasms (D:1)
  A giant cockroach (D:1)
  2 goblins (D:1)
  4 hobgoblins (D:1)
  2 jackals (D:1)
  3 kobolds (D:1)
  3 ball pythons (D:1)
  5 bats (D:1)
  2 frilled lizards (D:1)
  4 rats (D:1)
32 creatures vanquished.

Notes
Turn   | Place    | Note
-------+----------+-------------------------------------------
     0 | D:1      | zeram the Octopode Brigand began the quest for the Orb.
     0 | D:1      | Reached XP level 1. HP: 14/14 MP: 1/1
    69 | D:1      | Reached XP level 2. HP: 19/19 MP: 2/2
   110 | D:1      | Reached skill level 6 in Stealth
   506 | D:1      | Reached XP level 3. HP: 24/24 MP: 3/3
   876 | D:1      | Slain by a gnoll

Illustrated notes

Levels and vault maps discovered:
D:1:      wander_arrival_fairy_ring, layout_rooms, kennysheep_another_room
D:2:      layout_basic, shapermc_ecumenical_altar_mp_urbaneastern, uniq_natasha,
          uniq_terence

Skill      XL: |  1  2 |
---------------+-------+-----
Stealth        | 6 |  6.5
Fighting       | |  2.0
Short Blades   | |  2.3
Throwing       | |  2.0
Dodging        | |  1.2

Action                   || total
-------------------------++-------
Melee: Dagger            ||    57
       Constrict         ||     7
       Tentacles         ||     6
 Stab: Sleeping          ||    12
Armor: Skin              ||     8
Dodge: Dodged            ||    32
